 Dungeon Crawl Stone Soup version 0.27-a0-1177-g245c70e1c0 (webtiles) character file.

Game seed: 13650152117231089136

170815 freelancePsychic the Peltast (level 18, 0/145 HPs)
             Began as a Merfolk Ice Elementalist on May 16, 2021.
             Was a High Priest of Sif Muna.
             Slain by an anaconda (1 damage)
             ... on level 4 of the Snake Pit.
             The game lasted 02:08:40 (44464 turns).

freelancePsychic the Peltast (MfIE)                Turns: 44464, Time: 02:08:41

Health: 0/145      AC: 19    Str: 16    XL:     18   Next: 0%
Magic:  0/32       EV: 16    Int: 29    God:    Sif Muna [*****.]
Gold:   1843       SH: 14    Dex: 12    Spells: 12/23 levels left

rFire    + + +     SeeInvis .   a - +9 demon trident (elec)
rCold    . . .     Faith    .   W - +0 kite shield {reflect}
rNeg     . . .     Spirit   +   U - +0 steam dragon scales
rPois    +         Reflect  +   z - +0 hat {Will+}
rElec    .         Harm     .   k - +5 cloak "Pyf Ubix" {rF+++ Will- rCorr}
rCorr    +         Rampage  +   e - +2 pair of gloves of Springtime {Rampage rPois Int+9 Dex-3}
Will     +....                  X - +2 pair of boots {Stlth+}
Stlth    ++........             D - amulet of guardian spirit
HPRegen  0.34/turn              j - ring "Wauc" {MP+9 Str+6}
MPRegen  0.23/turn              V - ring of poison resistance

@: lethally poisoned (0 -> -3), silenced, slowed, constricted, very slow
A: (nimble swimmer 2), mertail
a: Renounce Religion


You were on level 4 of the Snake Pit.
You worshipped Sif Muna.
Sif Muna was extremely pleased with you.
You visited 6 branches of the dungeon, and saw 29 of its levels.
You also visited: Sewer, Bailey and Ice Cave.

You collected 3109 gold pieces.
You spent 1266 gold pieces at shops.

Inventory:

Hand Weapons
 a - a +9 demon trident of electrocution (weapon)
Missiles
 J - a throwing net
Armour
 c - a +2 tower shield of reflection
 e - the +2 pair of gloves of Springtime (worn) {Rampage rPois Int+9 Dex-3}
   (You found it on level 5 of the Lair of Beasts)

   It affects your intelligence (+9).
   It affects your dexterity (-3).
   It protects you from poison.
   It bestows one free step when moving towards enemies.
 k - the +5 cloak "Pyf Ubix" (worn) {rF+++ Will- rCorr}
   (You bought it in a shop on level 1 of the Snake Pit)

   It renders you almost immune to fire.
   It protects you from acid and corrosion.
   It decreases your willpower.
 z - a +0 hat of willpower (worn)
 M - the +5 ring mail of Pyecethus {Int+2}
   (You found it in an ice cave)

   It affects your intelligence (+2).
 U - +0 steam dragon scales (worn)
 W - a +0 kite shield of reflection (worn)
 X - a +2 pair of boots of stealth (worn)
Magical Staves
 b - a staff of cold
Jewellery
 j - the ring "Wauc" (left hand) {MP+9 Str+6}
   (You acquired it on level 2 of the Lair of Beasts)

   [ring of magical power]

   It affects your strength (+6).
   It affects your magic capacity (+9).
 p - a +4 ring of protection
 q - a +4 ring of slaying
 y - an amulet of regeneration
 D - an amulet of guardian spirit (around neck)
 E - a ring of resist corrosion
 K - a +6 ring of intelligence
 V - a ring of poison resistance (right hand)
 Z - a ring of willpower
Wands
 u - a wand of flame (50)
 I - a wand of mindburst (11)
 O - a wand of polymorph (9)
 Q - a wand of paralysis (8)
 S - a wand of acid (10)
Scrolls
 f - 2 scrolls of enchant armour
 i - 3 scrolls of silence
 l - 9 scrolls of teleportation {@r4}
 n - 2 scrolls of vulnerability
 r - 2 scrolls of enchant weapon
 t - a scroll of identify {@r1}
 G - 7 scrolls of amnesia
 H - 5 scrolls of fear
 N - a scroll of holy word
 R - a scroll of magic mapping
Potions
 d - 2 potions of magic
 g - 4 potions of flight
 h - 7 potions of curing {@q1}
 m - 4 potions of cancellation
 o - a potion of might
 s - 11 potions of ambrosia
 v - a potion of mutation
 w - a potion of haste {@q3}
 x - a potion of heal wounds {@q2}
 A - 4 potions of lignification
 F - 3 potions of attraction
 L - a potion of resistance
 T - 2 potions of invisibility
 Y - 2 potions of brilliance


   Skills:
 + Level 13.7 Fighting
 - Level 14.0 Polearms
 - Level 5.5 Armour
 - Level 17.2 Dodging
 - Level 2.1 Stealth
 - Level 17.5 Shields
 + Level 3.3 Spellcasting
 - Level 15.0 Ice Magic


You had 12 spell levels left.
You knew the following spells:

 Your Spells              Type           Power      Damage    Failure   Level
a - Freeze                Ice            100%       1d11      0%          1
b - Frozen Ramparts       Ice            100%       1d12      1%          3
c - Ozocubu's Refrigerat  Ice            37%        4d12      13%         7

Your spell library contained the following spells:

 Spells                   Type           Power      Damage    Failure   Level
 Ensorcelled Hibernation  Hex/Ice        96%        N/A       1%          2
 Ozocubu's Armour         Ice            75%        N/A       1%          3
 Hailstorm                Conj/Ice       48%        3d11      3%          4
 Ice Form                 Ice/Tmut       48%        N/A       3%          4
 Animate Skeleton         Necr           8%         N/A       8%          1
 Apportation              Tloc           8%         N/A       8%          1
 Beastly Appendage        Tmut           8%         N/A       8%          1
 Corona                   Hex            4%         N/A       8%          1
 Foxfire                  Conj/Fire      16%        2x1d4     8%          1
 Magic Dart               Conj           16%        1d3       8%          1
 Shock                    Conj/Air       16%        1d4       8%          1
 Summon Small Mammal      Summ           16%        N/A       8%          1
 Metabolic Englaciation   Hex/Ice        24%        N/A       10%         5
 Blink                    Tloc           N/A        N/A       11%         2
 Call Imp                 Summ           4%         N/A       11%         2
 Passwall                 Tmut/Erth      3%         N/A       11%         2
 Poisonous Vapours        Pois/Air       8%         N/A       11%         2
 Searing Ray              Conj           8%         3d3       11%         2
 Slow                     Hex            4%         N/A       11%         2
 Static Discharge         Conj/Air       4%         N/A       11%         2
 Sublimation of Blood     Necr           2%         N/A       11%         2
 Wereblood                Tmut           4%         N/A       11%         2
 Confusing Touch          Hex            4%         N/A       22%         3
 Conjure Flame            Conj/Fire      4%         6-21      22%         3
 Dazzling Flash           Conj/Hex       8%         N/A       22%         3
 Gell's Gravitas          Tloc           2%         N/A       22%         3
 Inner Flame              Hex/Fire       4%         N/A       22%         3
 Mephitic Cloud           Conj/Pois/Air  4%         N/A       22%         3
 Portal Projectile        Hex/Tloc       8%         N/A       22%         3
 Spider Form              Tmut/Pois      2%         N/A       22%         3
 Summon Guardian Golem    Hex/Summ       4%         N/A       22%         3
 Swiftness                Air            4%         N/A       22%         3
 Tukima's Dance           Hex            4%         N/A       22%         3
 Simulacrum               Ice/Necr       24%        N/A       45%         6
 Airstrike                Air            2%         N/A       58%         4
 Animate Armour           Summ/Erth      8%         N/A       58%         4
 Animate Dead             Necr           2%         N/A       58%         4
 Cause Fear               Hex            2%         N/A       58%         4
 Fulminant Prism          Conj/Hex       2%         3d6       58%         4
 Iskenderun's Mystic Bla  Conj/Tloc      4%         2d3       58%         4
 Olgreb's Toxic Radiance  Pois           4%         N/A       58%         4
 Passage of Golubria      Tloc           N/A        N/A       58%         4
 Petrify                  Tmut/Erth      4%         N/A       58%         4
 Sticky Flame             Conj/Fire      4%         2d3       58%         4
 Summon Lightning Spire   Summ/Air       4%         N/A       58%         4
 Freezing Cloud           Conj/Ice/Air   16%        6-21      82%         6
 Excruciating Wounds      Necr           2%         N/A       90%         5
 Fireball                 Conj/Fire      2%         3d4       90%         5
 Hydra Form               Tmut           2%         N/A       90%         5
 Lee's Rapid Deconstruct  Erth           2%         3d5*      90%         5
 Lightning Bolt           Conj/Air       2%         1d13      90%         5
 Manifold Assault         Tloc           4%         N/A       90%         5
 Silence                  Hex/Air        2%         N/A       90%         5
 Summon Forest            Summ/Tloc      2%         N/A       90%         5
 Summon Mana Viper        Hex/Summ       4%         N/A       90%         5
 Yara's Violent Unravell  Hex/Tmut       2%         3d3       90%         5
 Dispersal                Tloc           2%         N/A       100%        6
 Eringya's Noxious Bog    Tmut/Pois      2%         N/A       100%        6
 Invisibility             Hex            4%         N/A       100%        6
 Chain Lightning          Conj/Air       2%         N/A       100%        8
 Disjunction              Tloc           2%         N/A       100%        8
 Dragon's Call            Summ           2%         N/A       100%        9


Dungeon Overview and Level Annotations

Branches:
Dungeon (15/15)            Temple (1/1) D:6            Lair (6/6) D:11
 Shoals (1/4) Lair:2        Snake (4/4) Lair:2        Slime (0/5) Lair:5
    Orc (2/2) D:9             Elf (0/3) Orc:2        Vaults (0/5) D:13
 Depths (0/5) D:15          Sewer (visited)          Bailey (visited)
  IceCv (visited)

Altars:
Ashenzari
Cheibriados
Dithmenos
Elyvilon
Fedhas
Gozag
Hepliaklqana
Kikubaaqudgha
Makhleb
Nemelex Xobeh
Okawaru
Qazlal
Ru
Sif Muna
Trog
Uskayaw
Vehumet
Wu Jian
Xom
Yredelemnul
Zin
The Shining One
Beogh

Shops:
D:2 ?   D:4 (   D:12 *   Orc:2 (!?:   Snake:1 [:[(

Annotations:
D:3 Natasha, Sigmund
D:7 exclusion: gargoyle
D:8 1 runed translucent door, NateTC's ghost, novice FoFi
D:9 1 runed translucent door, Likado's ghost, novice DjNe
Lair:3 2 transporters, exclusion: ice statue, Luuwnalu's ghost, journeyman KoHu
Snake:4 Aizul
Orc:2 exclusion: ettin


Innate Abilities, Weirdness & Mutations

((You are quick and stealthy near water. (Stealth+, EV+, Speed+++)))
Your lower body shifts to a powerful aquatic tail in water.


Message History

The anaconda grabs you. You block the anaconda's attack.
The anaconda constricts you.
You puncture the black mamba!
The black mamba is moderately wounded.
You feel sick. The black mamba barely misses you.
The anaconda barely misses you. The anaconda constricts you.
You block Aizul's attack. The black mamba closely misses you.
You puncture the black mamba!
The black mamba is heavily wounded.
You feel sick. The anaconda misses you. The anaconda constricts you.
You block the black mamba's attack. Aizul completely misses you.
You block the anaconda's attack. The anaconda constricts you. Aizul misses you.
The black mamba bites you but does no damage.
You barely miss the black mamba.
The black mamba is heavily wounded.
You feel sick. You block the anaconda's attack. The anaconda constricts you.
The black mamba barely misses you. You block Aizul's attack.
The anaconda barely misses you. The anaconda constricts you.
You closely miss the black mamba.
The black mamba is heavily wounded.
You can drink potions again.
You feel sick. You block the black mamba's attack. The anaconda bites you.
* * * LOW HITPOINT WARNING * * *
x2 The anaconda constricts you.
Aizul hits you.
* * * LOW HITPOINT WARNING * * *
The black mamba closely misses you.
The anaconda's grasp on you weakens, but your attempt to escape fails.
You feel sick. The anaconda bites you!
* * * LOW HITPOINT WARNING * * *
x2 The anaconda constricts you.
The black mamba bites you but does no damage.
You block Aizul's attack.
The anaconda bites you but does no damage.
* * * LOW HITPOINT WARNING * * *
The anaconda constricts you. You block the black mamba's attack.
Aizul hits you!
* * * LOW HITPOINT WARNING * * *
The anaconda bites you!
* * * LOW HITPOINT WARNING * * *
You die...

## #.. #
#.(.#####....
#....@S......
.......SS..##.^
)#######...#
....# ....#
.)..# #####


You could see Aizul, an anaconda and a black mamba.

Vanquished Creatures
  Vashnia (Snake:4)
  Nikola (Snake:3)
  Gastronok (Orc:1)
  Agnes (Snake:3)
  Azrael (D:12)
  2 fire dragons
  A yaktaur captain (D:13)
  A merfolk impaler (Shoals:1)
  An ice dragon (D:15)
  Erolcha (Orc:2)
  Harold (D:11)
  4 naga warriors
  A catoblepas (Lair:6)
  8 hydras
  A salamander tyrant (Snake:4)
  10 anacondas
  2 centaur warriors
  4 ogre magi (Orc:2)
  5 two-headed ogres
  4 death yaks
  2 tengu warriors (D:14)
  A deep troll shaman (Lair:6)
  2 orc high priests
  8 shock serpents
  18 naga sharpshooters
  A salamander mystic (Snake:3)
  Nergalle (Orc:2)
  5 sea snakes
  4 naga ritualists
  A wizard (D:15)
  A lindwurm (Lair:6)
  4 harpies
  7 orc knights
  A necromancer (IceCv)
  3 deep elf pyromancers
  8 fauns (Shoals:1)
  8 ugly things
  8 mana vipers
  11 salamanders
  3 cyclopes
  6 orc sorcerers
  7 manticores
  5 merfolk sirens
  31 black mambas
  2 water nymphs (Shoals:1)
  9 naga magi
  13 elephants
  An ice statue (IceCv)
  A guardian serpent (Snake:4)
  18 cane toads
  A gargoyle (D:14)
  16 rime drakes
  2 unseen horrors (D:12)
  3 yaktaurs
  10 komodo dragons
  9 ice devils
  8 polar bears
  A merfolk (Shoals:1)
  A queen bee (Lair:1)
  4 trolls
  A hornet (D:7)
  15 blink frogs
  Prince Ribbit (Lair:2)
  3 snapping turtles
  14 slime creatures
  2 wind drakes (Shoals:1)
  2 shadows (D:12)
  A vampire (D:10)
  A wraith (D:11)
  2 wyverns
  60 yaks
  6 water elementals
  4 fire elementals (D:12)
  4 basilisks
  A golden eye (shapeshifter) (D:15)
  4 steam dragons
  2 vampire mosquitoes (D:14)
  An acid dragon (D:13)
  3 wargs
  12 water moccasins
  4 hell hounds (D:12)
  32 nagas
  35 orc warriors
  7 black bears
  4 boggarts (D:15)
  A necrophage (D:5)
  12 ice beasts
  5 centaurs
  12 ogres
  27 wolves
  2 phantoms
  6 kobold brigands
  18 bullfrogs
  2 scorpions (D:11)
  2 gnoll sergeants
  A hornet simulacrum (D:8)
  38 killer bees
  8 electric eels
  3 howler monkeys (D:12)
  5 centaur zombies
  A bullfrog zombie (D:6)
  3 draconian simulacra (IceCv)
  4 hounds
  3 jellies
  6 orc priests
  A centaur skeleton (D:5)
  Ijyb (D:3)
  5 iguanas
  26 orc wizards
  Jessica (D:2)
  Natasha (twice) (D:3)
  3 troll simulacra (IceCv)
  A spriggan simulacrum (IceCv)
  A centaur simulacrum (IceCv)
  12 gnolls
  A naga simulacrum (IceCv)
  12 adders
  A howler monkey skeleton (D:6)
  2 river rats (D:4)
  An ogre simulacrum (IceCv)
  4 shadow imps
  6 white imps
  3 ufetubi
  2 worms
  An adder skeleton (D:4)
  A dart slug (D:4)
  82 orcs
  13 ball pythons
  7 endoplasms
  2 giant cockroaches
  10 goblins
  3 hobgoblins
  10 jackals
  5 quokkas
  6 bats
  3 frilled lizards
  23 kobolds
  A rat (D:1)
928 creatures vanquished.

Vanquished Creatures (collateral kills)
  A shock serpent (Snake:4)
  Maurice (Orc:1)
  A naga (Snake:4)
  2 ogres (Orc:1)
5 creatures vanquished.

Vanquished Creatures (others)
  2 manticores
  An orc wizard (Orc:2)
  An orc (Orc:2)
  46 fungi
  114 plants
164 creatures vanquished.

Grand Total: 1097 creatures vanquished

Notes
Turn   | Place    | Note
-------+----------+-------------------------------------------
     0 | D:1      | freelancePsychic the Merfolk Ice Elementalist began the
                  | quest for the Orb.
     0 | D:1      | Reached XP level 1. HP: 13/13 MP: 3/3
   512 | D:1      | Reached XP level 2. HP: 19/19 MP: 3/5
   769 | D:1      | Reached skill level 5 in Ice Magic
  1017 | D:1      | Reached XP level 3. HP: 24/24 MP: 4/6
  1364 | D:1      | Learned a level 3 spell: Frozen Ramparts
  1460 | D:2      | Reached skill level 1 in Polearms
  1732 | D:2      | Found Unkire's Magic Scroll Shop.
  1878 | D:2      | Reached XP level 4. HP: 12/30 MP: 3/7
  2263 | D:2      | Noticed Jessica
  2268 | D:2      | Killed Jessica
  2600 | D:2      | Reached XP level 5. HP: 25/35 MP: 4/8
  3009 | D:3      | Found a faded altar of an unknown god.
  3113 | D:3      | Noticed Ijyb
  3557 | D:3      | Killed Ijyb
  3646 | D:3      | Reached skill level 1 in Fighting
  3760 | D:3      | Noticed Natasha
  3767 | D:3      | Killed Natasha
  3768 | D:3      | Reached XP level 6. HP: 39/43 MP: 5/9
  3843 | D:3      | Noticed Natasha
  3846 | D:3      | Noticed Sigmund
  3865 | D:3      | Killed Natasha
  3866 | D:3      | Reached skill level 5 in Polearms
  4159 | D:3      | Noticed Natasha
  4177 | D:4      | Found Suibruge's Antique Weapon Boutique.
  4178 | D:4      | Found a white marble altar of Elyvilon.
  4262 | D:4      | Found a sacrificial altar of Ru.
  4329 | D:4      | Reached skill level 5 in Dodging
  4412 | D:4      | Found a glowing drain.
  4416 | Sewer    | Entered a sewer
  5124 | D:4      | Reached XP level 7. HP: 40/51 MP: 6/10
  5766 | D:5      | Entered Level 5 of the Dungeon
  6265 | D:5      | Reached XP level 8. HP: 59/59 MP: 11/11
  7220 | D:6      | Found a staircase to the Ecumenical Temple.
  7230 | Temple   | Entered the Ecumenical Temple
  7388 | Temple   | Became a worshipper of Sif Muna the Loreminder
  8141 | D:6      | Found a burning altar of Makhleb.
  8318 | D:7      | Reached skill level 10 in Polearms
  8837 | D:7      | Reached skill level 5 in Fighting
  9079 | D:7      | Reached XP level 9. HP: 40/68 MP: 8/12
  9342 | D:7      | Noticed a gargoyle
 10143 | D:8      | Noticed a death yak
 10317 | D:8      | Noticed a polar bear
 10320 | D:8      | Noticed a hornet
 10930 | D:8      | Paralysed by a hornet for 1 turns
 10932 | D:7      | Paralysed by a hornet for 2 turns
 10936 | D:7      | Killed a hornet
 11258 | D:8      | Reached * piety under Sif Muna
 11592 | D:8      | Found a runed translucent door.
 11599 | D:8      | Identified the +2 spear of Myhed {flame, Int+4}
 11602 | D:8      | Noticed NateTC's ghost (novice FoFi)
 11642 | D:8      | Killed a death yak
 11643 | D:8      | Reached skill level 10 in Dodging
 11643 | D:8      | Reached XP level 10. HP: 37/76 MP: 13/13
 11979 | D:8      | Found a snail-covered altar of Cheibriados.
 12124 | D:8      | Reached skill level 1 in Shields
 12557 | D:8      | Found an ornate altar of the Wu Jian Council.
 12964 | D:9      | Noticed a two-headed ogre
 12978 | D:9      | Killed a two-headed ogre
 13098 | D:9      | Found a bloodstained altar of Trog.
 13104 | D:9      | Found a blossoming altar of Fedhas.
 13109 | D:9      | Found a radiant altar of Vehumet.
 13219 | D:9      | Reached ** piety under Sif Muna
 13249 | D:9      | Reached XP level 11. HP: 74/81 MP: 14/14
 13334 | D:9      | Found a runed translucent door.
 13338 | D:9      | Noticed Likado's ghost (novice DjNe)
 13489 | D:9      | Found a staircase to the Orcish Mines.
 13821 | D:10     | Entered Level 10 of the Dungeon
 13964 | D:10     | Noticed a two-headed ogre
 13976 | D:10     | Killed a two-headed ogre
 14038 | D:10     | Noticed a two-headed ogre
 14048 | D:10     | Killed a two-headed ogre
 14441 | D:10     | Reached skill level 15 in Dodging
 15111 | D:11     | Found a staircase to the Lair.
 15197 | D:11     | Noticed a two-headed ogre
 15208 | D:11     | Killed a two-headed ogre
 15268 | D:11     | Reached XP level 12. HP: 94/94 MP: 15/15
 15277 | D:11     | Found a flagged portal.
 15287 | Bailey   | Entered a bailey
 15302 | Bailey   | Reached *** piety under Sif Muna
 16030 | D:11     | Noticed Harold
 16055 | D:11     | Killed Harold
 16099 | D:11     | Reached **** piety under Sif Muna
 16314 | D:12     | Reached skill level 5 in Shields
 16759 | Lair:1   | Entered Level 1 of the Lair of Beasts
 16813 | Lair:1   | Reached skill level 10 in Fighting
 17232 | Lair:1   | Reached XP level 13. HP: 104/104 MP: 12/16
 17688 | Lair:1   | Reached ***** piety under Sif Muna
 17688 | Lair:1   | Received a gift from Sif Muna
 18538 | Lair:2   | Found a staircase to the Snake Pit.
 18706 | Lair:2   | Found a staircase to the Shoals.
 18776 | Lair:2   | Noticed Prince Ribbit
 18795 | Lair:2   | Killed Prince Ribbit
 19635 | Lair:3   | Reached skill level 10 in Shields
 19696 | Lair:3   | Found a transporter.
 20165 | Lair:3   | Identified the +4 ring mail "Xahelemi" {Str+2}
 20411 | Lair:3   | Reached XP level 14. HP: 59/113 MP: 11/17
 20762 | Lair:3   | Found a transporter.
 20782 | Lair:3   | Noticed Luuwnalu's ghost (journeyman KoHu)
 21001 | Lair:4   | Identified Sif Muna's Volume of the Glacial Voyage (Sif
                  | Muna gifted it to you on level 4 of the Lair of Beasts)
 21001 | Lair:4   | Received a gift from Sif Muna
 21291 | Lair:4   | Found a shadowy altar of Dithmenos.
 21409 | Lair:4   | Learned a level 7 spell: Ozocubu's Refrigeration
 22348 | Lair:5   | Found a staircase to the Slime Pits.
 22588 | Lair:5   | Identified the +2 pair of gloves of Springtime {Rampage
                  | rPois Int+9 Dex-3}
 23317 | Lair:6   | Entered Level 6 of the Lair of Beasts
 24722 | Lair:6   | Identified Figu's Disquisition on Gliding Summoning (Sif
                  | Muna gifted it to you on level 6 of the Lair of Beasts)
 24722 | Lair:6   | Received a gift from Sif Muna
 24723 | Lair:6   | Reached skill level 15 in Shields
 25348 | Lair:6   | Reached XP level 15. HP: 97/119 MP: 11/18
 26330 | Lair:3   | Identified Waciruj's Tome of Noxious Execration
 26587 | Orc:1    | Entered Level 1 of the Orcish Mines
 26827 | Orc:2    | Entered Level 2 of the Orcish Mines
 27130 | Orc:1    | Noticed Gastronok
 27135 | Orc:1    | Noticed Maurice
 27144 | Orc:1    | Killed Gastronok
 27146 | Orc:1    | Killed Maurice
 27160 | Orc:1    | Paralysed by an orc sorcerer for 3 turns
 27856 | Orc:1    | Identified Sif Muna's Catalogue of Black Secrets and Flight
                  | (Sif Muna gifted it to you on level 1 of the Orcish Mines)
 27856 | Orc:1    | Received a gift from Sif Muna
 27946 | Orc:2    | Found a radiant altar of Vehumet.
 28304 | Orc:2    | Paralysed by an orc sorcerer for 3 turns
 28587 | Orc:2    | Found Coymulim's Antique Weapon Emporium.
 28635 | Orc:2    | Found a radiant altar of Vehumet.
 28646 | Orc:2    | Noticed Erolcha
 28655 | Orc:2    | Killed Erolcha
 28666 | Orc:2    | Paralysed by something for 4 turns
 28696 | Orc:2    | Found Noarghoway's Distillery.
 28715 | Orc:2    | Noticed Nergalle
 28782 | Orc:2    | Killed Nergalle
 28788 | Orc:2    | Found an ancient bone altar of Kikubaaqudgha.
 28827 | Orc:2    | Found Nyzasion's Book Shoppe.
 28878 | Orc:2    | Found Fauqudgh's Magic Scroll Emporium.
 29159 | Orc:2    | Found a staircase to the Elven Halls.
 29399 | D:12     | Noticed Azrael
 29408 | D:12     | Killed Azrael
 29765 | D:12     | Found Yghics's Assorted Antiques.
 29944 | D:12     | Bought an ominously black robe for 182 gold pieces
 29944 | D:12     | Identified the +1 robe of Hoavouf {Rampage rC- rN++ Int-4}
                  | (You bought it in a shop on level 12 of the Dungeon)
 29989 | D:13     | Found a blossoming altar of Fedhas.
 30007 | D:13     | Found a gate to the Vaults.
 30178 | D:13     | Found a frozen archway.
 30209 | IceCv    | Entered an ice cave
 31535 | IceCv    | Identified a scroll of acquirement
 31535 | IceCv    | Acquired a +7 demon trident of electrocution
 31861 | IceCv    | Identified Sif Muna's Incunabulum of Enchanting
                  | Contamination (Sif Muna gifted it to you in an ice cave)
 31861 | IceCv    | Received a gift from Sif Muna
 31942 | IceCv    | Identified the +5 ring mail of Pyecethus {Int+2}
 31952 | IceCv    | Identified the +2 leather armour "Gates" {rPois Will-
                  | Dex+3}
 31977 | IceCv    | Identified the +2 scimitar of Mastery {vorpal, *Rage rF+
                  | Will+}
 33397 | D:14     | Reached XP level 16. HP: 127/127 MP: 19/19
 34124 | D:14     | You fall into a shaft and drop 1 floor!
 34124 | D:15     | Entered Level 15 of the Dungeon
 34170 | D:15     | Reached skill level 1 in Armour
 34648 | D:15     | Found a staircase to the Depths.
 35202 | Shoals:1 | Entered Level 1 of the Shoals
 35413 | Lair:2   | Acquired a +2 pair of boots of stealth
 35423 | Lair:2   | Acquired the ring "Wauc" {MP+9 Str+6}
 35426 | Lair:2   | Acquired a staff of cold
 36530 | Shoals:1 | Reached skill level 5 in Armour
 37067 | Snake:1  | Entered Level 1 of the Snake Pit
 37067 | Snake:1  | Found Uxuxzamm's Antique Armour Shoppe.
 37244 | Snake:1  | Received a gift from Sif Muna
 37512 | Snake:1  | Bought a crude leather armour for 210 gold pieces
 37512 | Snake:1  | Identified the +1 leather armour of Understanding {Str+2}
                  | (You bought it in a shop on level 1 of the Snake Pit)
 37869 | Snake:1  | Reached skill level 10 in Ice Magic
 38133 | Snake:1  | Found Hokhacroivy's Book Shoppe.
 38143 | Snake:1  | Found Kumoha's Armour Emporium.
 38145 | Snake:1  | Found Haanyukk's Weapon Shoppe.
 38155 | Snake:1  | Bought the +5 cloak "Pyf Ubix" {rF+++ Will- rCorr} for 874
                  | gold pieces
 39107 | Snake:2  | Reached XP level 17. HP: 132/136 MP: 20/20
 40825 | Snake:3  | Noticed Nikola
 40840 | Snake:3  | Killed Nikola
 41266 | Snake:4  | Entered Level 4 of the Snake Pit
 41664 | Snake:4  | Received a gift from Sif Muna
 41735 | Snake:4  | Noticed Vashnia
 43001 | Snake:4  | Killed Vashnia
 43407 | Snake:4  | Noticed Agnes
 43873 | Snake:3  | Killed Agnes
 43874 | Snake:3  | Reached skill level 15 in Ice Magic
 44448 | Snake:4  | Reached XP level 18. HP: 145/145 MP: 9/23
 44456 | Snake:4  | Noticed Aizul
 44464 | Snake:4  | HP: 1/145 [anaconda (7)]
 44464 | Snake:4  | Slain by an anaconda

Illustrated notes

Levels and vault maps discovered:
D:1:      matt_arrival_debris, layout_loops_corners
D:2:      layout_basic, serial_shops, shop, uniq_jessica
D:3:      layout_rooms, chequers_ecumenical_altar_twisty, uniq_sigmund,
          uniq_natasha, uniq_ijyb, uniq_crazy_yiuf_cottage
D:4:      layout_rooms, lemuel_tele_altar, nicolae_ru_sacrificial_ziggurat,
          serial_shops, shop, gup_sewer_entry_bowl, serial_corexii_hall,
          chequers_hall_statues_wall_a, chequers_hall_statues_y
D:5:      layout_basic
D:6:      layout_basic, general_overflow_altar,
          minmay_temple_entry_statues_pillars, serial_bayou_crossing
D:7:      layout_basic, grunt_decor_fettered
D:8:      layout_cave_pools, nicolae_overflow_hidden_temple, lemuel_round_altar,
          ebering_ghost_funeral_grove, serial_ice, serial_ice_i, serial_ice_g,
          serial_ice_a, serial_ice_o, serial_ice_h, serial_ice_b, serial_ice_e
D:9:      layout_rooms, minmay_overflow_temple_star_quad,
          kennysheep_orc_monster_closet_entryway, ebering_ghost_inner_flame,
          kennysheep_generic_room_16
D:10:     layout_rooms, serial_co_window_serial, co_window_paths_a,
          co_window_paths_a, co_window_of_opportunity_a, co_window_paths_a,
          co_window_corner_a, co_window_corner_a, co_window_2corner,
          co_window_cross_2, co_window_corner_cb, co_window_of_opportunity_b,
          co_window_4corner_b, co_window_paths_d, glass_columns_c,
          glass_columns_a, glass_columns_b, glass_columns_a, glass_columns_a
D:11:     layout_roguey [special_room_orc], grunt_lair_entry_orc_guard_hut,
          enter_bailey_3, uniq_harold
D:12:     layout_basic, serial_shops, shop, uniq_azrael
D:13:     layout_grid_maze, david_vaults_2, portal_ice_cave_entry_pillars_1,
          grunt_decor_one_mirror, fedhas_ov_isle_minmay
D:14:     layout_basic, kennysheep_another_room
D:15:     grunt_enter_depths_hoard, layout_cave_pools, chequers_garden
Temple:   jpeg_temple_clearing
Lair:1:   layout_roguey [special_room_bee]
Lair:2:   layout_small_grid, shoals_dummy_entry, guppyfry_snake_entry_island,
          serial_bayou_lake_a, infiniplex_staircase_pool, serial_bayou_shore_b,
          grunt_megastairs_4, uniq_prince_ribbit2
Lair:3:   layout_long_grid, gammafunk_ghost_berserking_beasts, ice2_lemuel,
          grunt_megastairs_1
Lair:4:   layout_misc_corridors, basic_altar
Lair:5:   layout_regular_city, minmay_slime_entry_pillars, serial_rivers,
          chequers_serial_rivers_marsh, chequers_serial_rivers_small_3,
          chequers_serial_rivers_micro_b, chequers_serial_rivers_micro_b,
          chequers_serial_rivers_micro_e, chequers_serial_rivers_small_b
Lair:6:   grunt_lair_end_beastmaster, layout_loops_ring,
          bobbens_dragon_lair_wall, grunt_megastairs_3
Shoals:1: layout_shoals
Snake:1:  layout_onion_interference, serial_shops, shop, minmay_shop_star
Snake:2:  layout_grid_maze
Snake:3:  layout_rooms, eino_curves_02, st_stairs_9, lemuel_fruit_tree,
          uniq_nikola
Snake:4:  grunt_snake_rune_pools, layout_misc_corridors, basic_altar,
          library_closet, drop_trap, grunt_ministairs_4, serial_bayou_shore_a,
          uniq_aizul, uniq_agnes, uniq_vashnia
Orc:1:    layout_caves, uniq_maurice, uniq_gastronok
Orc:2:    kennysheep_orc_mage_school, layout_caves, basic_altar

Skill      XL: |  1  2  3  4  5  6  7  8  9 10 11 12 13 14 15 16 17 |
---------------+----------------------------------------------------+-----
Dodging        | 3 4 5 6 7 10 13 15 17 | 17.2
Ice Magic      | 5 6 8 10 15 | 15.0
Polearms       | 2 3 4 6 8 10 13 14 | 14.0
Fighting       | 1 2 3 5 8 10 11 13 | 13.7
Shields        | 4 7 12 15 17 | 17.5
Armour         | 5 |  5.5
Spellcasting   | 3 |  3.3
Stealth        | |  2.1

Action                   |  1- 3 |  4- 6 |  7- 9 | 10-12 | 13-15 | 16-18 || total
-------------------------+-------+-------+-------+-------+-------+-------++-------
Melee: Unarmed           |     2 |       |       |       |       |       ||     2
       Spear             |    15 |   105 |       |       |       |       ||   120
       Trident           |       |    59 |   336 |   861 |  1963 |       ||  3219
       Tailslap          |       |     3 |       |     1 |    19 |    14 ||    37
       Demon trident     |       |       |       |       |   149 |   929 ||  1078
Throw: Dart              |       |       |     2 |    53 |     6 |       ||    61
 Cast: Freeze            |    31 |    10 |     4 |       |       |       ||    45
       Frozen Ramparts   |     2 |    32 |    36 |    16 |    83 |    11 ||   180
       Ozocubu's Refrige |       |       |       |       |       |    15 ||    15
Evoke: Wand              |       |       |     3 |       |    14 |       ||    17
  Use: Scroll            |       |     5 |     4 |     8 |    15 |    15 ||    47
       Potion            |       |     1 |     5 |     2 |     7 |     9 ||    24
 Stab: Sleeping          |       |     9 |     5 |     6 |     7 |     6 ||    33
       Distracted        |       |       |       |     1 |       |     2 ||     3
       Invisible         |       |       |       |    11 |       |       ||    11
       Paralysed         |       |       |       |       |     4 |       ||     4
Armor: Robe              |       |    21 |    14 |       |       |       ||    35
       Skin              |       |     2 |    47 |       |       |       ||    49
       Leather armour    |       |       |    35 |    20 |       |       ||    55
       Troll leather arm |       |       |       |   101 |    81 |       ||   182
       Ring mail         |       |       |       |       |    48 |   175 ||   223
       Steam dragon scal |       |       |       |       |   219 |    13 ||   232
Dodge: Dodged            |    32 |    92 |   145 |   400 |   860 |   330 ||  1859
Block: Buckler           |       |       |       |    92 |   118 |       ||   210
       Tower shield      |       |       |       |    12 |  1254 |   248 ||  1514
       Reflection        |       |       |       |     1 |    20 |    81 ||   102
       Kite shield       |       |       |       |       |       |   300 ||   300

Table legend: (Time is in decaauts)
 A = Elapsed time spent in this place.
 B = Non-inter-level travel time spent in this place.
 C = Inter-level travel time spent in this place.
 D = Time resting spent in this place.
 E = Time spent auto-exploring this place.
 F = Levels seen in this place.
 G = Mean time per level.
                   A        B        C        D        E       F      G
               +--------+--------+--------+--------+--------+-----+--------+
         Total |  42799 |  41081 |   1718 |   9459 |  22999 |  32 | 1337.5 |
       Dungeon |  19116 |  18119 |    997 |   3196 |  11547 |  15 | 1274.4 |
        Temple |    181 |    157 |     24 |      0 |    124 |   1 |  181.0 |
          Lair |  10312 |   9857 |    455 |   1698 |   5919 |   6 | 1718.7 |
        Shoals |   1098 |   1067 |     31 |    260 |    535 |   1 | 1098.0 |
     Snake Pit |   6802 |   6682 |    120 |   2570 |   3038 |   4 | 1700.5 |
  Orcish Mines |   2602 |   2513 |     89 |    499 |   1214 |   2 | 1301.0 |
         Sewer |    577 |    577 |      0 |      0 |    415 |   1 |  577.0 |
        Bailey |    332 |    332 |      0 |      0 |     74 |   1 |  332.0 |
      Ice Cave |   1776 |   1776 |      0 |   1235 |    132 |   1 | 1776.0 |
               +--------+--------+--------+--------+--------+-----+--------+

Top non-repeatable levels by time:
     D:7: 3198 daAuts
 Snake:3: 3155 daAuts
  Lair:2: 2521 daAuts
  Lair:6: 2413 daAuts
   IceCv: 1776 daAuts
  Lair:3: 1633 daAuts
   Orc:2: 1511 daAuts
  Lair:5: 1499 daAuts
 Snake:2: 1490 daAuts
     D:8: 1458 daAuts
     D:2: 1406 daAuts
     D:5: 1393 daAuts
     D:1: 1386 daAuts
     D:3: 1370 daAuts
    D:12: 1299 daAuts
